 Dungeon Crawl Stone Soup version 0.21.1-1-g345015fe64 (webtiles) character file.

44 Ivernyr the Ogre Mage (level 3, -8/33 HPs)
             Began as an Ogre Wizard on May 2, 2018.
             Mangled by a worm (9 damage)
             ... on level 2 of the Dungeon.
             The game lasted 00:06:26 (2233 turns).

Ivernyr the Ogre Mage (Ogre Wizard)                 Turns: 2233, Time: 00:06:26

Health: -8/33      AC:  4    Str: 11    XL:     3   Next: 60%
Magic:  4/9        EV: 10    Int: 20    God:
Gold:   52         SH:  0    Dex:  7    Spells: 2/11 levels left

rFire    . . .     SeeInvis .   (no weapon)
rCold    . . .     Gourm    .   (no shield)
rNeg     . . .     Faith    .   a - +0 robe
rPois    +         Spirit   .   b - +0 hat
rElec    .         Reflect  .   k - +0 cloak
rCorr    .         Harm     .   (gloves unavailable)
MR       .....                  (boots unavailable)
Stlth    +.........             (no amulet)
HPRegen  0.11/turn              e - ring of poison resistance
MPRegen  0.11/turn              (no ring)

@: no status effects
A: large, unfitting armour, tough skin 1
a: no special abilities


You were on level 2 of the Dungeon.
You were not hungry.

You visited 1 branch of the dungeon, and saw 2 of its levels.

You collected 52 gold pieces.

Inventory:

Armour
 a - a +0 robe (worn)
 b - a +0 hat (worn)
 k - a +0 cloak (worn)
Jewellery
 e - a ring of poison resistance (left hand)
Scrolls
 h - a scroll of immolation {unknown}
 i - 4 scrolls of identify {unknown}
 l - 2 scrolls of teleportation {unknown}
 n - a scroll of magic mapping {unknown}
Potions
 f - a potion of curing {unknown}
 g - a potion of invisibility {unknown}
 j - 2 potions of degeneration {unknown}
 m - 2 potions of berserk rage {unknown}
Books
 c - a book of Minor Magic

   Spells                             Type                      Level
   a - Magic Dart                     Conjuration                  1
   b - Blink                          Translocation                2
   c - Call Imp                       Summoning                    2
   d - Slow                           Hexes                        2
   e - Conjure Flame                  Conjuration/Fire             3
   f - Mephitic Cloud                 Conjuration/Poison/Air       3
Comestibles
 d - 2 rations


   Skills:
 + Level 1.2 Fighting
 - Level 2.0 Dodging
 - Level 1.4 Stealth
 * Level 4.5 Spellcasting
 + Level 1.6 Conjurations
   Level 0.8 Summonings
 - Level 0.8 Translocations


You had 2 spell levels left.
You knew the following spells:

 Your Spells              Type           Power        Failure   Level  Hunger
a - Magic Dart            Conj           ##..         6%          1    None
b - Blink                 Tloc           N/A          13%         2    #......
c - Conjure Flame         Conj/Fire      #.......     26%         3    ##.....
d - Mephitic Cloud        Conj/Pois/Air  #.......     28%         3    ##.....


Dungeon Overview and Level Annotations

Branches:
Dungeon (2/15)

Altars:
The Shining One


Innate Abilities, Weirdness & Mutations

You are too large for most types of armour.
You have tough skin. (AC +1)


Message History

The worm is heavily wounded.
You hit the worm.
The worm is heavily wounded.
The worm bites you.
* * * LOW HITPOINT WARNING * * *
You hit the worm but do no damage.
The worm is heavily wounded.
You hit the worm.
The worm is severely wounded.
The worm bites you.
* * * LOW HITPOINT WARNING * * *
You barely miss the worm.
The worm is severely wounded.
The worm barely misses you.
You barely miss the worm.
The worm is heavily wounded.
You hit the worm but do no damage.
The worm is heavily wounded.
The worm bites you!
You die...

###################
#....).......w@...#
#.###############.#
#.# #.# #.#
########<# #g#
.........# #.#
##########
##.#######
#........#
#......w.#


You could see a worm.

Vanquished Creatures
  An adder (D:2)
  3 giant cockroaches
  6 goblins
  4 hobgoblins (D:1)
  3 jackals (D:1)
  4 kobolds
  4 bats (D:1)
  2 frilled lizards (D:1)
  3 rats
30 creatures vanquished.

Notes
Turn   | Place    | Note
-------+----------+-------------------------------------------
     0 | D:1      | Ivernyr the Ogre Wizard began the quest for the Orb.
     0 | D:1      | Reached XP level 1. HP: 16/16 MP: 5/5
    81 | D:1      | Reached skill level 1 in Conjurations
   456 | D:1      | Reached XP level 2. HP: 24/24 MP: 2/6
   498 | D:1      | Learned a level 2 spell: Blink
   587 | D:1      | Reached skill level 4 in Spellcasting
  1394 | D:1      | Reached XP level 3. HP: 32/32 MP: 6/8
  1420 | D:1      | Learned a level 3 spell: Conjure Flame
  1424 | D:1      | Learned a level 3 spell: Mephitic Cloud
  1798 | D:2      | Reached skill level 1 in Fighting
  1991 | D:2      | Found a glowing golden altar of the Shining One.
  2230 | D:2      | HP: 1/33 [worm (3)]
  2233 | D:2      | Mangled by a worm

Skill      XL: |  1  2  3 |
---------------+----------+-----
Conjurations   | 1 |  1.6
Dodging        | 2 |  2.0
Spellcasting   | 4 |  4.5
Fighting       | 1 |  1.2
Stealth        | |  1.4
Summonings     | |  0.8
Translocations | |  0.8

Action                   || total
-------------------------++-------
Melee: Unarmed           ||    83
 Cast: Magic Dart        ||    87
  Eat: Chunk             ||     4
Armor: Robe              ||    19
Dodge: Dodged            ||    53
